 Dungeon Crawl Stone Soup version 0.18.1-48-g4cf74bf (webtiles) character file.

43 PossumBlood the Magician (level 3, 0/19 HPs)
             Began as a Deep Elf Wizard on July 12, 2016.
             Slain by a gnoll
             ... wielding a +0 whip
              (5 damage)
             ... on level 2 of the Dungeon.
             The game lasted 00:02:48 (1230 turns).

PossumBlood the Magician (Deep Elf Wizard)          Turns: 1230, Time: 00:02:49

Health: 0/19       AC:  2    Str:  4    XL:     3   Next: 37%
Magic:  3/12       EV: 12    Int: 23    God:
Gold:   66         SH:  0    Dex: 13    Spells: 1 memorised, 13 levels left

rFire  . . .     SeeInvis .     i - +0 dagger
rCold  . . .     Gourm    .     a - +0 robe
rNeg   . . .     Faith    .     (no shield)
rPois  .         Spirit   .     b - +0 hat
rElec  .         Dismiss  .     (no cloak)
rCorr  .         Reflect  .     (no gloves)
SustAt .         Harm     .     (no boots)
MR     .....                    h - amulet of rage
Stlth  ++........               (no ring)
                                (no ring)

@: not resistant to hostile enchantments, unstealthy
A: no striking features
a: Evoke Berserk Rage


You were on level 2 of the Dungeon.
You were not hungry.

You visited 1 branch of the dungeon, and saw 2 of its levels.

You collected 66 gold pieces.

Inventory:

Hand Weapons
 i - a +0 dagger (weapon)
Armour
 a - a +0 robe (worn)
 b - a +0 hat (worn)
Jewellery
 h - an amulet of rage (around neck)
Scrolls
 d - a scroll of identify {unknown}
 e - a scroll of teleportation {unknown}
 f - a scroll of noise {unknown}
 k - a scroll of fog {unknown}
 m - a scroll of random uselessness {unknown}
Potions
 g - a potion of curing {unknown}
 j - a potion of agility {unknown}
 l - a potion of berserk rage {unknown}
Books
 c - a book of Minor Magic

   Spells                             Type                      Level
   a - Magic Dart                     Conjuration                  1
   b - Blink                          Translocation                2
   c - Call Imp                       Summoning                    2
   d - Repel Missiles                 Charms/Air                   2
   e - Slow                           Hexes                        2
   f - Conjure Flame                  Conjuration/Fire             3
   g - Mephitic Cloud                 Conjuration/Poison/Air       3


   Skills:
 - Level 2.4 Dodging
 - Level 2.4 Stealth
 * Level 6.2 Spellcasting
 - Level 1.1 Conjurations
   Level 1.1 Summonings
   Level 1.1 Translocations


You had 13 spell levels left.
You knew the following spells:

 Your Spells              Type           Power        Failure   Level  Hunger
a - Magic Dart            Conj           ##..         6%          1    None


Dungeon Overview and Level Annotations

Branches:
Dungeon (2/15)

Altars:


Message History

The magic dart hits the gnoll.
The gnoll is almost dead.
The gnoll completely misses you. The gnoll barely misses you.
Casting: Magic Dart
Confirm with . or Enter, or press ? or * to list all spells.
Aiming: Magic Dart
Press: ? - help, Shift-Dir - straight line, f/p - gnoll
Aim: a gnoll, wielding a club (almost dead)
The magic dart hits the gnoll.
You kill the gnoll!
The gnoll barely misses you.
Casting: Magic Dart
Confirm with . or Enter, or press ? or * to list all spells.
Aiming: Magic Dart
Press: ? - help, Shift-Dir - straight line, f - gnoll
Aim: a gnoll, wielding a whip The magic dart hits the gnoll.
The gnoll is lightly wounded.
The gnoll hits you with a whip.
You die...

.#.............
.#..#####......
.#..####..†..#
.#.....#.....####
<#......(.......# ###
.#####..........# ....
.....#.)........# .....
.###.#..(.......##g.....
.# #.#..........@g......
.# #.#..#+###...###.....
.# #.#..# #...... ...
.###.#..# #.#.#### .
.....#..# #.#..
######.)# #.#### #..


You could see 2 gnolls.

Vanquished Creatures
  An adder (D:2)
  A gnoll (D:2)
  A giant cockroach (D:1)
  3 goblins
  2 hobgoblins (D:1)
  2 ball pythons (D:1)
  8 bats (D:1)
  3 giant newts (D:1)
  2 kobolds
  5 rats
28 creatures vanquished.

Notes
Turn   | Place    | Note
--------------------------------------------------------------
     0 | D:1      | PossumBlood the Deep Elf Wizard began the quest for the Orb.
     0 | D:1      | Reached XP level 1. HP: 10/10 MP: 7/7
   217 | D:1      | Reached skill level 5 in Spellcasting
   344 | D:1      | Reached XP level 2. HP: 9/15 MP: 3/10
  1122 | D:2      | Reached XP level 3. HP: 18/19 MP: 1/12
  1208 | D:2      | Reached skill level 6 in Spellcasting
  1230 | D:2      | Slain by a gnoll

Skill      XL: |  1  2  3 |
---------------+----------+-----
Spellcasting   | 5 6 |  6.2
Dodging        | |  2.4
Stealth        | |  2.4
Conjurations   | |  1.1
Summonings     | |  1.1
Translocations | |  1.1

Action                   || total
-------------------------++-------
 Cast: Magic Dart        ||    66
  Eat: Bread ration      ||     1
Dodge: Dodged            ||    10
